 Dungeon Crawl Stone Soup version 0.27.1-35-g4d5d836560 (webtiles) character file.

Game seed: 15411500601647738860

2335 Odexios the Geomancer (level 9, 52/52 HPs)
             Began as a Gargoyle Earth Elementalist on Oct 27, 2021.
             Was a Believer of Ru.
             Quit the game on level 8 of the Dungeon on Mar 23, 2022.
             The game lasted 00:38:02 (8345 turns).

Odexios the Geomancer (Gargoyle Earth Elementalist) Turns: 8345, Time: 00:38:02

Health: 52/52      AC: 12    Str: 12    XL:     9   Next: 42%
Magic:  11/15      EV: 12    Int: 19    God:    Ru [**....]
Gold:   308        SH:  0    Dex: 10    Spells: 9/16 levels left

rFire    . . .     SeeInvis .   a - +2 flail (protect)
rCold    . . .     Faith    .   (no shield)
rNeg     + . .     Spirit   .   E - +0 steam dragon scales
rPois    ∞         Reflect  .   s - +0 helmet
rElec    +         Harm     .   (no cloak)
rCorr    .         Rampage  .   (no gloves)
Will     .....                  (no boots)
Stlth    +++.......             (no amulet)
HPRegen  0.17/turn              (no ring)
MPRegen  0.14/turn              (no ring)

@: no status effects
A: sickness immunity, AC +6, negative energy resistance 1, electricity
resistance, torment resistance 1, petrification resistance, hated by all
a: Renounce Religion


You were on level 8 of the Dungeon.
You worshipped Ru.
Ru was pleased with you.
You visited 2 branches of the dungeon, and saw 9 of its levels.

You collected 308 gold pieces.

Inventory:

Hand Weapons
 a - a +2 flail of protection (weapon)
 b - a +3 vorpal mace
 l - a +0 morningstar
 o - a +0 whip
 u - a +2 whip of freezing
 F - a +1 whip of venom
Missiles
 c - 27 stones
 n - a throwing net
 p - 5 silver boomerangs (quivered)
 v - 18 poisoned darts
Armour
 g - a +0 robe
 r - a +0 animal skin
 s - a +0 helmet (worn)
 E - +0 steam dragon scales (worn)
Wands
 B - a wand of acid (2)
 D - a wand of digging (7)
Scrolls
 f - a scroll of vulnerability
 i - 5 scrolls of teleportation
 k - a scroll of fog {unknown}
 m - a scroll of amnesia {unknown}
 t - 2 scrolls of enchant armour {unknown}
 w - 3 scrolls of magic mapping {unknown}
 y - a scroll of noise {unknown}
 C - a scroll of silence {unknown}
Potions
 d - a potion of might
 e - 2 potions of degeneration {unknown}
 h - 4 potions of heal wounds
 j - 2 potions of mutation {unknown}
 q - 3 potions of ambrosia
 x - a potion of brilliance {unknown}
 z - a potion of haste {unknown}
 A - 2 potions of attraction {unknown}


   Skills:
 + Level 4.1 Fighting
 + Level 3.8 Maces & Flails
 - Level 2.3 Dodging
 + Level 5.7 Stealth
 + Level 4.4 Spellcasting
 * Level 6.1 Conjurations
 - Level 0.7 Transmutations
 * Level 8.4 Earth Magic


You had 9 spell levels left.
You knew the following spells:

 Your Spells              Type           Power      Damage    Failure   Level
a - Sandblast             Erth           72%        2d16      1%          1
b - Stone Arrow           Conj/Erth      62%        3d10      1%          3
c - Mephitic Cloud        Conj/Pois/Air  11%        N/A       17%         3

Your spell library contained the following spells:

 Spells                   Type           Power      Damage    Failure   Level
 Passwall                 Tmut/Erth      17%        N/A       3%          2
 Beastly Appendage        Tmut           14%        N/A       10%         1
 Wereblood                Tmut           7%         N/A       14%         2
 Slow                     Hex            4%         N/A       21%         2
 Petrify                  Tmut/Erth      21%        N/A       21%         4
 Ignite Poison            Fire/Tmut/Pois 5%         N/A       34%         3
 Spider Form              Tmut/Pois      2%         N/A       34%         3
 Confusing Touch          Hex            4%         N/A       36%         3
 Bolt of Magma            Conj/Fire/Erth 11%        4d7       45%         5
 Yara's Violent Unravell  Hex/Tmut       2%         3d3       97%         5


Dungeon Overview and Level Annotations

Branches:
Dungeon (8/15)             Temple (1/1) D:6
   Lair: D:8-11

Altars:
Ashenzari
Cheibriados
Dithmenos
Elyvilon
Fedhas
Gozag
Hepliaklqana
Kikubaaqudgha
Makhleb
Nemelex Xobeh
Okawaru
Qazlal
Ru
Sif Muna
Trog
Uskayaw
Vehumet
Wu Jian
Xom
Yredelemnul
Zin
The Shining One

Annotations:
D:8 Psyche


Innate Abilities, Weirdness & Mutations

You are immune to sickness and miasma.
Your stone body is resilient. (AC +6)
You are immune to poison.
You resist negative energy. (rN+)
You are resistant to electric shocks. (rElec)
You are resistant to unholy torment.
You are immune to petrification.
You are hated by all.


Message History

You climb downwards.
The bullfrog croaks.
There is a stone staircase leading up here.
Casting: Stone Arrow (safe; 1% risk of failure)
Confirm with . or Enter, or press ? or * to list all spells.
Aiming: Stone Arrow (safe; 1% risk of failure)
Press: ? - help, Shift-Dir - straight line, f - bullfrog
Aim: a bullfrog (67% to hit)
The stone arrow hits the bullfrog!
The bullfrog is heavily wounded.
The bullfrog releases a deep croak.
Casting: Stone Arrow (safe; 1% risk of failure)
Confirm with . or Enter, or press ? or * to list all spells.
Aiming: Sandblast (safe; 1% risk of failure)
Press: ? - help, Shift-Dir - straight line, f/p - bullfrog
Aim: a bullfrog (heavily wounded, 77% to hit)
The blast of sand hits the bullfrog!!
You kill the bullfrog!
c - 27 stones Psyche the Insane Magess comes into view.
She is wielding a +4 dagger of chaos.
Saving game... please wait.
Level annotation: Psyche Welcome back, Odexios the Gargoyle Earth Elementalist.
Ru says: Cut away your false body!
Press ? for a list of commands and other information.
Unknown command.
Saving game... please wait.
Level annotation: Psyche Welcome back, Odexios the Gargoyle Earth Elementalist.
Ru says: Cut away your false body!
Press ? for a list of commands and other information.
Saving game... please wait.
Level annotation: Psyche Welcome back, Odexios the Gargoyle Earth Elementalist.
Ru says: Cut away your false body!
Press ? for a list of commands and other information.
Unknown command.
Unknown command.
Unknown command.
Are you sure you want to abandon this character and quit the game? (Confirm with "yes".)

#...# #...#
#####...####
#..........
@.....†...
.......
#...# #..@#
#...# #...#
##.## #. #.
.# #


You could see Psyche (wandering).

Vanquished Creatures
  Pikel (D:5)
  A troll (D:6)
  2 steam dragons
  A black bear (D:6)
  An ogre (D:7)
  A sky beast (D:6)
  2 phantoms (D:6)
  4 lemures (D:5)
  A bullfrog (D:8)
  2 scorpions
  A wyvern zombie (D:6)
  A water moccasin skeleton (D:3)
  A crimson imp (D:7)
  A bullfrog zombie (D:6)
  A centaur zombie (D:5)
  4 jellies
  2 orc priests
  3 bullfrog skeletons
  A centaur skeleton (D:7)
  2 orc wizards (D:7)
  A howler monkey zombie (D:7)
  Robin (D:2)
  3 gnolls (D:2)
  10 adders
  A shadow imp (D:6)
  3 white imps (D:6)
  4 dart slugs
  A worm (D:3)
  17 orcs
  3 bats (D:2)
  5 endoplasms
  2 giant cockroaches
  11 goblins
  6 hobgoblins
  4 quokkas
  4 ball pythons
  2 frilled lizards (D:2)
  6 kobolds
  A rat (D:2)
118 creatures vanquished.

Notes
Turn   | Place    | Note
-------+----------+-------------------------------------------
     0 | D:1      | Odexios the Gargoyle Earth Elementalist began the quest for
                  | the Orb.
     0 | D:1      | Reached XP level 1. HP: 10/10 MP: 3/3
   825 | D:1      | Found a faded altar of an unknown god.
   864 | D:1      | Reached XP level 2. HP: 12/16 MP: 5/5
  1242 | D:2      | Reached skill level 4 in Earth Magic
  1377 | D:2      | You fall into a shaft and drop 2 floors!
  1476 | D:2      | Noticed Robin
  1587 | D:2      | Reached XP level 3. HP: 19/20 MP: 2/6
  1747 | D:2      | Reached skill level 1 in Fighting
  1751 | D:2      | Reached XP level 4. HP: 19/25 MP: 2/7
  2168 | D:2      | Killed Robin
  2169 | D:2      | Reached skill level 1 in Maces & Flails
  2461 | D:3      | Reached XP level 5. HP: 27/29 MP: 4/8
  2709 | D:3      | Found a bloodstained altar of Trog.
  2993 | D:4      | Reached skill level 5 in Earth Magic
  3196 | D:4      | Reached XP level 6. HP: 27/35 MP: 6/10
  3287 | D:4      | Found a glowing golden altar of the Shining One.
  3366 | D:4      | Found a glowing silver altar of Zin.
  3491 | D:4      | Reached skill level 1 in Conjurations
  3760 | D:5      | Entered Level 5 of the Dungeon
  3760 | D:5      | Noticed a steam dragon
  3800 | D:5      | Noticed Pikel
  4110 | D:6      | Noticed a black bear
  4132 | D:5      | Learned a level 3 spell: Stone Arrow
  4727 | D:5      | Killed a steam dragon
  4728 | D:5      | Reached XP level 7. HP: 13/40 MP: 8/11
  4949 | D:6      | Reached skill level 6 in Earth Magic
  5346 | D:6      | Reached XP level 8. HP: 45/45 MP: 7/13
  5394 | D:6      | Found a staircase to the Ecumenical Temple.
  5442 | Temple   | Entered the Ecumenical Temple
  5555 | Temple   | Became a worshipper of Ru the Awakened
  5910 | D:6      | Noticed a troll
  6016 | D:6      | Reached skill level 7 in Earth Magic
  6058 | D:6      | Killed a troll
  6059 | D:6      | Reached skill level 5 in Stealth
  6423 | D:6      | Found a radiant altar of Vehumet.
  6626 | D:7      | Found a shadowy altar of Dithmenos.
  6876 | D:7      | Reached skill level 5 in Conjurations
  7083 | D:7      | Reached XP level 9. HP: 45/51 MP: 10/15
  7121 | D:7      | Gained mutation: You are hated by all. [Ru sacrifice]
  7121 | D:7      | Reached * piety under Ru
  7121 | D:7      | Reached ** piety under Ru
  7253 | D:7      | Found a burning altar of Makhleb.
  7253 | D:7      | Found a shimmering altar of Xom.
  7809 | D:5      | Killed Pikel
  7810 | D:5      | Reached skill level 8 in Earth Magic
  8284 | D:5      | Learned a level 3 spell: Mephitic Cloud
  8344 | D:8      | Noticed Psyche
  8345 | D:8      | Upgraded the game from 0.27.1-3-gb3d3a73c9e to
                  | 0.27.1-35-g4d5d836560
  8345 | D:8      | Quit the game

Illustrated notes

Levels and vault maps discovered:
D:1:      scummos_arrival_gate, layout_basic,
          shapermc_ecumenical_altar_notcrosses
D:2:      layout_loops_corners, uniq_robin
D:3:      layout_loops_cross, mainiacjoe_overflow_24_doors,
          hangedman_decor_riveting
D:4:      layout_basic, lemuel_doored_altar, old_standard_altar,
          enter_ossuary_2, abandoned_shop, grunt_ministairs_11
D:5:      layout_cave_pods, dk_noncrumbling_4, uniq_pikel
D:6:      layout_loops_corners, vehumet_crystals,
          minmay_temple_entry_stoned_glass, kennysheep_small_circle
D:7:      layout_basic, nicolae_dithmenos_through_a_glass_darkly,
          grunt_temple_overflow_champion_of_chaos
D:8:      layout_loops_cross, uniq_psyche
Temple:   regret_index_temple_waves

Skill      XL: |  1  2  3  4  5  6  7  8  9 |
---------------+----------------------------+-----
Earth Magic    | 4 5 6 7 8 |  8.4
Fighting       | 1 2 3 4 |  4.1
Dodging        | 2 |  2.3
Maces & Flails | 1 2 3 |  3.8
Stealth        | 3 4 5 |  5.7
Conjurations   | 2 3 5 6 |  6.1
Spellcasting   | 3 4 |  4.4
Transmutations | |  0.7

Action                   |  1- 3 |  4- 6 |  7- 9 || total
-------------------------+-------+-------+-------++-------
Melee: Unarmed           |    12 |       |       ||    12
       Whip              |     5 |    19 |       ||    24
       Mace              |    35 |    73 |    17 ||   125
       Flail             |       |       |   138 ||   138
Throw: Boomerang         |       |     7 |     1 ||     8
 Cast: Sandblast         |     9 |    14 |    26 ||    49
       Stone Arrow       |       |     2 |    24 ||    26
Invok: Sacrifice Love    |       |       |     1 ||     1
Evoke: Wand              |       |     4 |     8 ||    12
  Use: Scroll            |     1 |     3 |     1 ||     5
 Stab: Sleeping          |     5 |     4 |     3 ||    12
       Distracted        |       |       |     1 ||     1
Armor: Robe              |    15 |    12 |       ||    27
       Animal skin       |       |    23 |       ||    23
       Steam dragon scal |       |       |    88 ||    88
Dodge: Dodged            |    30 |    61 |   100 ||   191
